 Dungeon Crawl Stone Soup version 0.21.1-1-g345015f (webtiles) character file.

1248 tidbits the Digger (level 8, 23/58 HPs)
             Began as a Gnoll Earth Elementalist on Feb 8, 2018.
             Quit the game on level 8 of the Dungeon.
             The game lasted 00:10:34 (1013 turns).

tidbits the Digger (Gnoll Earth Elementalist)       Turns: 1013, Time: 00:10:35

Health: 23/58      AC:  5    Str: 11    XL:     8   Next: 50%
Magic:  10/17      EV: 15    Int: 20    God:
Gold:   171        SH:  0    Dex: 15    Spells: 9/19 levels left

rFire    + . .     SeeInvis .   a - +3 dagger (venom)
rCold    + . .     Gourm    .   (no shield)
rNeg     + . .     Faith    .   B - +0 troll leather armour
rPois    +         Spirit   .   (no helmet)
rElec    +         Reflect  .   q - scarf {repulsion}
rCorr    +         Harm     .   l - +0 pair of gloves
MR       .....                  (no boots)
Stlth    +++.......             (no amulet)
HPRegen  0.59/turn              h - ring of positive energy
MPRegen  0.15/turn              (no ring)

@: resistant, very slightly contaminated, hasted, repel missiles, very quick
A: distributed training, fangs 1, strong nose
a: no special abilities


You were on level 8 of the Dungeon.
You were very hungry.

You visited 2 branches of the dungeon, and saw 10 of its levels.

You collected 171 gold pieces.

Inventory:

Hand Weapons
 a - a +3 dagger of venom (weapon)
   (You took it off an orc wizard on level 6 of the Dungeon)
 f - a +0 rapier
 j - a -1 hand axe
 n - a +0 short sword
 t - a +0 long sword
 y - a +0 dagger
Missiles
 b - 173 stones (quivered)
 m - 34 arrows
Armour
 c - a +0 robe
 l - a +0 pair of gloves (worn)
 q - a scarf of repulsion (worn)
   (You found it on level 3 of the Dungeon)
 B - a +0 troll leather armour (worn)
Jewellery
 h - a ring of positive energy (left hand)
   (You found it on level 2 of the Dungeon)
Wands
 i - a wand of random effects (16)
Scrolls
 o - 2 scrolls of amnesia
 v - a scroll of enchant armour {unknown}
Potions
 g - a potion of might {unknown}
 p - a potion of curing {unknown}
 s - a potion of mutation {unknown}
 w - a potion of resistance
 z - a potion of flight
Books
 e - a book of Geomancy

   Spells                             Type                      Level
   a - Sandblast                      Earth                        1
   b - Passwall                       Transmutation/Earth          2
   c - Stone Arrow                    Conjuration/Earth            3
   d - Petrify                        Transmutation/Earth          4
   e - Lee's Rapid Deconstruction     Earth                        5
 u - a book of Conjurations
   (You found it on level 5 of the Dungeon)

   Spells                             Type                      Level
   a - Magic Dart                     Conjuration                  1
   b - Searing Ray                    Conjuration                  2
   c - Dazzling Spray                 Conjuration/Hexes            3
   d - Fulminant Prism                Conjuration/Hexes            4
   e - Force Lance                    Conjuration/Translocation    4
   f - Iskenderun's Mystic Blast      Conjuration                  4
Comestibles
 d - 4 rations


   Skills:
 + Level 3.2 Fighting
 + Level 3.2 Short Blades
 + Level 3.2 Long Blades
 + Level 3.2 Axes
 + Level 3.2 Maces & Flails
 + Level 3.2 Polearms
 + Level 3.2 Staves
 + Level 3.2 Slings
 + Level 3.2 Bows
 + Level 3.2 Crossbows
 + Level 3.2 Throwing
 + Level 3.2 Armour
 + Level 5.7 Dodging
 + Level 5.3 Stealth
 + Level 3.2 Shields
 + Level 3.2 Unarmed Combat
 + Level 6.0 Spellcasting
 + Level 2.6 Conjurations
 + Level 2.6 Hexes
 + Level 2.6 Charms
 + Level 2.6 Summonings
 + Level 2.6 Necromancy
 + Level 2.6 Translocations
 + Level 3.4 Transmutations
 + Level 2.6 Fire Magic
 + Level 2.6 Ice Magic
 + Level 2.6 Air Magic
 + Level 6.1 Earth Magic
 + Level 2.6 Poison Magic
 + Level 3.6 Invocations
 + Level 3.2 Evocations


You had 9 spell levels left.
You knew the following spells:

 Your Spells              Type           Power        Failure   Level  Hunger
a - Sandblast             Erth           ####..       1%          1    None
d - Dazzling Spray        Conj/Hex       ###...       13%         3    ##.....
e - Petrify               Tmut/Erth      ####....     19%         4    ####...
p - Passwall              Tmut/Erth      ####......   2%          2    None


Dungeon Overview and Level Annotations

Branches:
Dungeon (9/15)             Temple (1/1) D:7
   Lair: D:8-11         Orc: D:9-12

Altars:
Ashenzari
Dithmenos
Elyvilon
Fedhas
Gozag
Hepliaklqana
Kikubaaqudgha
Okawaru
Qazlal
Sif Muna
Trog
Vehumet
Wu Jian
Yredelemnul
Zin

Annotations:
D:8 Monsterracer's ghost, novice HuVM


Innate Abilities, Weirdness & Mutations

Your experience applies equally to all skills.
You have very sharp teeth.
Your uncanny sense of smell can sniff out nearby items.


Message History

The helpless Grum fails to defend himself.
You impale Grum!!
Grum looks as sick as possible!
Grum is severely wounded.
A wolf comes into view.
The helpless Grum fails to defend himself.
You impale Grum!!
You kill Grum!
You feel your dexterity returning.
Your Spellcasting skill increases to level 6!
The wolf howls!
You hear a shout! x2
The wolf bites you!
A wolf comes into view.
Evoke which item? (* to show all) (? for menu, Esc to quit)
Aiming: Random Effects
Press: ? - help, Shift-Dir - straight line, f - wolf
Aim: a wolf The puff of frost misses the wolf.
The wolf closely misses you.
Unknown command.
The wolf completely misses you.
Casting: Petrify
Confirm with . or Enter, or press ? or * to list all spells.
Aiming: Petrify
Press: ? - help, Shift-Dir - straight line, f/p - wolf
Aim: a wolf (chance to defeat MR: 54%)
The wolf is moving more slowly.
The wolf completely misses you. The wolf misses you.
Unknown command.
You catch the helpless wolf completely off-guard!
You puncture the wolf!
The wolf is poisoned.
The wolf is moderately wounded.
The wolf barely misses you.
You feel yourself speed up. The wolf completely misses you.
The wolf barely misses you.
An orc and an orc wizard come into view.
Wield which item (- for none, * to show all)? (? for menu, Esc to quit)
Okay, then.
It was a potion of resistance.
You feel protected. The wolf bites you.
Unknown command.
You hit the wolf. You bite the wolf, but do no damage.
The wolf is heavily wounded.
The wolf completely misses you.
You hit the wolf but do no damage.
The wolf looks as sick as possible!
The wolf is heavily wounded.
The wolf bites you!
You hit the wolf.
The wolf looks as sick as possible!
The wolf is heavily wounded.
The wolf bites you!
You hit the wolf.
The wolf is severely wounded.
The wolf closely misses you.
Wield which item (- for none, * to show all)? (? for menu, Esc to quit)
Okay, then.
Unknown command.
It was a potion of magic.
Magic courses through your body.
The wolf stops moving altogether!
Unknown command.
The helpless wolf fails to defend itself.
You impale the wolf!!
You kill the wolf!
Casting: Petrify
Confirm with . or Enter, or press ? or * to list all spells.
Aiming: Petrify
Press: ? - help, Shift-Dir - straight line, f/p - wolf
Aim: a wolf (chance to defeat MR: 54%)
You miscast Petrify.
You are very lightly contaminated with residual magic.
Shape-changing energy floods out from your body and enlargens the floor bugs! 3 giant cockroaches come into view.
The wolf misses you.
Casting: Petrify
Confirm with . or Enter, or press ? or * to list all spells.
Aiming: Petrify
Press: ? - help, Shift-Dir - straight line, f/p - wolf
Aim: a wolf (chance to defeat MR: 54%)
The wolf is moving more slowly.
You are feeling very hungry.
The wolf misses you.
You hit the wolf but do no damage.
The wolf is poisoned.
You bite the wolf, but do no damage. The wolf misses you.
The giant cockroach bites you but does no damage.
You hit the wolf.
The wolf looks as sick as possible!
The wolf misses you. The giant cockroach misses you.
An orc priest comes into view. It is wielding a trident.
The orc priest shouts!
You hit the wolf but do no damage.
The wolf looks as sick as possible!
The wolf is lightly wounded.
The giant cockroach closely misses you. The wolf misses you.
Unknown command.
You hit the wolf.
The wolf looks as sick as possible!
The wolf is lightly wounded.
The giant cockroach bites you. The wolf barely misses you.
The giant cockroach bites you.
You hit the wolf.
The wolf looks as sick as possible!
The wolf is lightly wounded.
The wolf bites you!
* * * LOW HITPOINT WARNING * * *
The giant cockroach closely misses you.
Are you sure you want to abandon this character and quit the game? (Confirm with "yes".)

#...>.....#.. .#
#.....#.)... ..#
#.......#.###...#
#...........#o.
#..#....#.....
#.......###.#.#.#
#.#####.#Wh......
... #.#h#
#.#######.#@#
#.........ss#
.######..s......
....##.##..
####.# ... #.#
#... #.# ... #.#
## #.#


You could see 2 wolves, an orc priest, Monsterracer's ghost and 3 giant
cockroaches.

Vanquished Creatures
  A troll (D:9)
  Grum (D:8)
  An ice beast (D:7)
  A wolf (D:8)
  A centaur (D:7)
  2 bullfrogs
  A wyvern zombie (D:9)
  A crimson imp (D:6)
  A quasit (D:4)
  3 hounds (D:4)
  2 jellies
  A centaur skeleton (D:4)
  2 orc priests (D:5)
  2 orc wizards
  A worker ant (D:4)
  3 gnolls
  5 adders
  A worm (D:3)
  A dart slug (D:2)
  4 orcs
  3 bats (D:3)
  A bat zombie (D:7)
  A giant cockroach (D:7)
  3 goblins
  2 hobgoblins (D:3)
  3 kobolds (D:3)
  2 quokkas
  2 frilled lizards
  2 rats
54 creatures vanquished.

Notes
Turn   | Place    | Note
-------+----------+-------------------------------------------
     0 | D:1      | tidbits the Gnoll Earth Elementalist began the quest for the Orb.
     0 | D:1      | Reached XP level 1. HP: 13/13 MP: 6/6
   105 | D:2      | Reached skill level 2 in Transmutations
   107 | D:2      | Reached XP level 2. HP: 20/20 MP: 3/7
   111 | D:2      | Learned a level 2 spell: Passwall
   125 | D:2      | Found a radiant altar of Vehumet.
   155 | D:3      | Found an opulent altar of Gozag.
   155 | D:3      | Found a glowing silver altar of Zin.
   191 | D:3      | Reached XP level 3. HP: 24/25 MP: 3/9
   197 | D:3      | Reached skill level 5 in Spellcasting
   232 | D:3      | Reached skill level 1 in Invocations
   263 | D:3      | You fall through a shaft!
   278 | D:5      | Entered Level 5 of the Dungeon
   290 | D:4      | Reached skill level 1 in Fighting
   290 | D:4      | Reached skill level 1 in Short Blades
   290 | D:4      | Reached skill level 1 in Long Blades
   290 | D:4      | Reached skill level 1 in Axes
   290 | D:4      | Reached skill level 1 in Maces & Flails
   290 | D:4      | Reached skill level 1 in Polearms
   290 | D:4      | Reached skill level 1 in Staves
   290 | D:4      | Reached skill level 1 in Slings
   290 | D:4      | Reached skill level 1 in Bows
   290 | D:4      | Reached skill level 1 in Crossbows
   290 | D:4      | Reached skill level 1 in Throwing
   290 | D:4      | Reached skill level 1 in Armour
   290 | D:4      | Reached skill level 1 in Shields
   290 | D:4      | Reached skill level 1 in Unarmed Combat
   290 | D:4      | Reached skill level 1 in Evocations
   290 | D:4      | Reached XP level 4. HP: 27/32 MP: 7/11
   300 | D:4      | Reached skill level 1 in Conjurations
   300 | D:4      | Reached skill level 1 in Hexes
   300 | D:4      | Reached skill level 1 in Charms
   300 | D:4      | Reached skill level 1 in Summonings
   300 | D:4      | Reached skill level 1 in Necromancy
   300 | D:4      | Reached skill level 1 in Translocations
   300 | D:4      | Reached skill level 1 in Fire Magic
   300 | D:4      | Reached skill level 1 in Ice Magic
   300 | D:4      | Reached skill level 1 in Air Magic
   300 | D:4      | Reached skill level 1 in Poison Magic
   348 | D:4      | Reached XP level 5. HP: 22/37 MP: 4/12
   419 | D:4      | Reached XP level 6. HP: 28/44 MP: 10/13
   422 | D:4      | Reached skill level 2 in Invocations
   428 | D:4      | Learned a level 4 spell: Petrify
   556 | D:5      | Reached skill level 5 in Dodging
   572 | D:5      | Reached skill level 2 in Fighting
   572 | D:5      | Reached skill level 2 in Short Blades
   572 | D:5      | Reached skill level 2 in Long Blades
   572 | D:5      | Reached skill level 2 in Axes
   572 | D:5      | Reached skill level 2 in Maces & Flails
   572 | D:5      | Reached skill level 2 in Polearms
   572 | D:5      | Reached skill level 2 in Staves
   572 | D:5      | Reached skill level 2 in Slings
   572 | D:5      | Reached skill level 2 in Bows
   572 | D:5      | Reached skill level 2 in Crossbows
   572 | D:5      | Reached skill level 2 in Throwing
   572 | D:5      | Reached skill level 2 in Armour
   572 | D:5      | Reached skill level 2 in Shields
   572 | D:5      | Reached skill level 2 in Unarmed Combat
   572 | D:5      | Reached skill level 2 in Evocations
   606 | D:5      | Found a basalt altar of Yredelemnul.
   613 | D:5      | Learned a level 3 spell: Dazzling Spray
   686 | D:7      | Noticed an ice beast
   687 | D:7      | Reached XP level 7. HP: 33/50 MP: 10/15
   702 | D:7      | Reached skill level 2 in Conjurations
   702 | D:7      | Reached skill level 2 in Hexes
   702 | D:7      | Reached skill level 2 in Charms
   702 | D:7      | Reached skill level 2 in Summonings
   702 | D:7      | Reached skill level 2 in Necromancy
   702 | D:7      | Reached skill level 2 in Translocations
   702 | D:7      | Reached skill level 2 in Fire Magic
   702 | D:7      | Reached skill level 2 in Ice Magic
   702 | D:7      | Reached skill level 2 in Air Magic
   702 | D:7      | Reached skill level 2 in Poison Magic
   726 | D:7      | Found a staircase to the Ecumenical Temple.
   735 | Temple   | Entered the Ecumenical Temple
   825 | D:7      | Found an ancient bone altar of Kikubaaqudgha.
   860 | D:7      | Reached skill level 3 in Transmutations
   863 | D:7      | Found a bloodstained altar of Trog.
   896 | D:8      | Noticed a two-headed ogre
   900 | D:8      | Noticed Monsterracer's ghost (novice HuVM)
   904 | D:8      | Reached skill level 5 in Stealth
   923 | D:9      | Reached skill level 3 in Invocations
   925 | D:9      | Noticed a troll
   940 | D:9      | Killed a troll
   940 | D:9      | Reached skill level 3 in Fighting
   940 | D:9      | Reached skill level 3 in Short Blades
   940 | D:9      | Reached skill level 3 in Long Blades
   940 | D:9      | Reached skill level 3 in Axes
   940 | D:9      | Reached skill level 3 in Maces & Flails
   940 | D:9      | Reached skill level 3 in Polearms
   940 | D:9      | Reached skill level 3 in Staves
   940 | D:9      | Reached skill level 3 in Slings
   940 | D:9      | Reached skill level 3 in Bows
   940 | D:9      | Reached skill level 3 in Crossbows
   940 | D:9      | Reached skill level 3 in Throwing
   940 | D:9      | Reached skill level 3 in Armour
   940 | D:9      | Reached skill level 3 in Shields
   940 | D:9      | Reached skill level 3 in Unarmed Combat
   940 | D:9      | Reached skill level 6 in Earth Magic
   940 | D:9      | Reached skill level 3 in Evocations
   940 | D:9      | Reached XP level 8. HP: 51/58 MP: 9/16
   977 | D:8      | Noticed Grum
   993 | D:8      | Killed Grum
   993 | D:8      | Reached skill level 6 in Spellcasting
  1013 | D:8      | Quit the game

Skill      XL: |  1  2  3  4  5  6  7  8 |
---------------+-------------------------+-----
Transmutations | 2 3 |  3.4
Spellcasting   | 5 6 |  6.0
Invocations    | 1 2 3 |  3.6
Fighting       | 1 2 3 |  3.2
Short Blades   | 1 2 3 |  3.2
Long Blades    | 1 2 3 |  3.2
Axes           | 1 2 3 |  3.2
Maces & Flails | 1 2 3 |  3.2
Polearms       | 1 2 3 |  3.2
Staves         | 1 2 3 |  3.2
Slings         | 1 2 3 |  3.2
Bows           | 1 2 3 |  3.2
Crossbows      | 1 2 3 |  3.2
Throwing       | 1 2 3 |  3.2
Armour         | 1 2 3 |  3.2
Shields        | 1 2 3 |  3.2
Unarmed Combat | 1 2 3 |  3.2
Evocations     | 1 2 3 |  3.2
Conjurations   | 1 2 |  2.6
Hexes          | 1 2 |  2.6
Charms         | 1 2 |  2.6
Summonings     | 1 2 |  2.6
Necromancy     | 1 2 |  2.6
Translocations | 1 2 |  2.6
Fire Magic     | 1 2 |  2.6
Ice Magic      | 1 2 |  2.6
Air Magic      | 1 2 |  2.6
Poison Magic   | 1 2 |  2.6
Dodging        | 5 |  5.7
Stealth        | 5 |  5.3
Earth Magic    | 6 |  6.1

Action                   |  1- 3 |  4- 6 |  7- 9 || total
-------------------------+-------+-------+-------++-------
Melee: Hand axe          |    13 |       |       ||    13
       Dagger            |     1 |     8 |    25 ||    34
       Bite              |     1 |     1 |     4 ||     6
 Cast: Sandblast         |    21 |    42 |    14 ||    77
       Passwall          |       |     2 |     2 ||     4
       Petrify           |       |       |     5 ||     5
Evoke: Wand              |       |       |     1 ||     1
  Use: Scroll            |     2 |     1 |     5 ||     8
       Potion            |       |     2 |     3 ||     5
 Stab: Sleeping          |     1 |     3 |     4 ||     8
       Petrified         |       |       |    10 ||    10
       Petrifying        |       |       |     1 ||     1
Armor: Robe              |     9 |     4 |     2 ||    15
       Troll leather arm |       |       |     1 ||     1
Dodge: Dodged            |    23 |    18 |    28 ||    69

Table legend:
 A = Turns spent in this place as a percentage of turns spent in the entire game.
 B = Non-inter-level travel turns spent in this place as a percentage of non-inter-level travel turns spent in the entire game.
 C = Inter-level travel turns spent in this place as a percentage of turns spent in this place.
 D = Turns resting spent in this place as a percentage of non-inter-level travel turns spent in this place.
 E = Turns spent auto-exploring this place as a percentage of non-inter-level travel turns spent in this place.
 F = Non-inter-level travel turns spent in this place divided by the number of levels of this place that you've seen.
                   A       B       C       D       E      F
               +-------+-------+-------+-------+-------+----------------------
         Total | 100.0 | 100.0 |   2.7 |   0.0 |   0.0 |  98.6
       Dungeon |  94.4 |  97.0 |   0.0 |   0.0 |   0.0 | 106.2
        Temple |   5.6 |   3.0 |  47.4 |   0.0 |   0.0 |  30.0
               +-------+-------+-------+-------+-------+----------------------

Table legend:
 A = Kills in this place as a percentage of kills in entire the game.
 B = Kills by you in this place as a percentage of kills by you in the entire game.
 C = Kills by friends in this place as a percentage of kills by friends in the entire game.
 D = Other kills in this place as a percentage of other kills in the entire game.
 E = Experience gained in this place as a percentage of experience gained in the entire game.
 F = Experience gained in this place divided by the number of levels of this place that you have seen.
                   A       B       C       D       E      F
               +-------+-------+-------+-------+-------+----------------------
         Total | 100.0 | 100.0 |   N/A |   N/A | 100.0 | 178.4
       Dungeon | 100.0 | 100.0 |   N/A |   N/A | 100.0 | 198.2
               +-------+-------+-------+-------+-------+----------------------

Vault maps used:
D:1:      lemuel_arrival_river_bridge, hangedman_decor_riveting
D:2:      lemuel_crystal_altar
D:3:      grunt_temple_overflow_gold_and_silver
D:4:      kennysheep_slug_shrine, first_ration, st_stairs_4,
          serial_bayou_crossing
D:5:      nicolae_overflow_hidden_temple, old_standard_altar,
          kennysheep_little_box, tgw_fedhas
D:6:      evilmike_ruin_ashenzari
D:7:      overflow_temple_1_default, lemuel_zombie_altar_kikubaaqudgha,
          minmay_temple_entry_hall
D:8:      uniq_joseph, uniq_pikel, uniq_prince_ribbit1, uniq_grum
D:9:      grunt_temple_overflow_champion_of_chaos, hangedman_ranch, uniq_psyche
Temple:   jpeg_temple_island
